 Dungeon Crawl Stone Soup version 0.24.0-123-gd5b16e6ec5 (webtiles) character file.

Game seed: 15679324465330635117, levelgen mode: deterministic

2522 FishyPogo the Protected (level 9, -1/56 HPs)
             Began as a Halfling Chaos Knight on Feb 9, 2020.
             Was a Plaything of Xom.
             Slain by an orc wizard
             ... wielding a +1 dagger of electrocution
              (4 damage)
             ... on level 8 of the Dungeon.
             The game lasted 00:23:06 (6414 turns).

FishyPogo the Protected (Halfling Chaos Knight)     Turns: 6414, Time: 00:23:06

Health: -1/56      AC:  6    Str: 16    XL:     9   Next: 84%
Magic:  13/13      EV: 15    Int: 13    God:    Xom [..*...]
Gold:   340        SH:  0    Dex: 19    Spells: 10/14 levels left

rFire    . . .     SeeInvis .   a - +3 dagger
rCold    x . .     Gourm    .   (shield restricted)
rNeg     . . .     Faith    .   h - +1 robe of Instinct {rC- Regen+ Dex+2}
rPois    .         Spirit   .   (no helmet)
rElec    .         Reflect  .   i - +1 cloak
rCorr    .         Harm     .   (no gloves)
MR       .....                  (no boots)
Stlth    +++.......             (no amulet)
HPRegen  0.58/turn              e - +3 ring of dexterity
MPRegen  0.13/turn              (no ring)

@: brilliant, lethally poisoned (-1 -> -2)
A: small, blurry vision 1, dopey 1, mutation resistance 1, wild magic 1,
MP-powered wands
a: Renounce Religion


You were on level 8 of the Dungeon.
You worshipped Xom.
You were a toy of Xom.
You were not hungry.

You visited 1 branch of the dungeon, and saw 8 of its levels.
You also visited: Ossuary.

You collected 375 gold pieces.
You spent 35 gold pieces at shops.

Inventory:

Hand Weapons
 a - a +3 dagger (weapon)
 b - a +1 dagger of electrocution
Missiles
 f - 325 stones
 v - 10 boomerangs
 I - a poisoned dart (quivered)
Armour
 h - the +1 robe of Instinct (worn) {rC- Regen+ Dex+2}
   (You found it on level 8 of the Dungeon)

   It affects your dexterity (+2).
   It makes you vulnerable to cold.
   It increases your rate of regeneration.
 i - a +1 cloak (worn)
 x - the +2 leather armour "Surigank" {SInv}
   (You found it on level 4 of the Dungeon)

   It lets you see invisible.
 J - a cursed -1 leather armour
Magical Staves
 E - an uncursed staff of summoning
Jewellery
 e - a +3 ring of dexterity (left hand)
Wands
 l - a wand of clouds (6)
 y - a wand of acid (9)
 H - a wand of paralysis (8)
Scrolls
 m - a scroll of fog {unknown}
 o - a scroll of fear
 p - 5 scrolls of remove curse
 q - 3 scrolls of blinking
 s - 10 scrolls of identify
 w - 2 scrolls of amnesia
 z - 2 scrolls of enchant weapon {unknown}
 B - a scroll of noise {unknown}
 C - a scroll of teleportation
 F - a scroll of immolation
 G - a scroll of enchant armour
Potions
 d - 2 potions of degeneration {unknown}
 g - 2 potions of flight {unknown}
 j - a potion of ambrosia {unknown}
 k - 3 potions of brilliance
 n - 2 potions of invisibility
 r - a potion of might
 t - a potion of magic {unknown}
 u - a potion of resistance {unknown}
 A - a potion of mutation {unknown}
 D - a potion of berserk rage {unknown}
Comestibles
 c - 17 rations


   Skills:
 - Level 3.0 Fighting
 - Level 7.0 Short Blades
   Level 3.9 Axes
 - Level 8.0 Armour
 - Level 2.0 Dodging
 - Level 5.0 Stealth
 * Level 3.1 Spellcasting
 * Level 4.1 Charms
 - Level 2.0 Necromancy


You had 10 spell levels left.
You knew the following spells:

 Your Spells              Type           Power        Failure   Level  Hunger
a - Pain                  Necr           ###.         1%          1    #......
h - Regeneration          Chrm/Necr      ###.......   3%          3    ###....

Your spell library contained the following spells:

 Spells                   Type           Power        Failure   Level  Hunger
 Animate Skeleton         Necr           N/A          1%          1    #......
 Vampiric Draining        Necr           ###.......   4%          3    ###....
 Animate Dead             Necr           N/A          13%         4    #####..


Dungeon Overview and Level Annotations

Branches:
Dungeon (8/15)             Temple (0/1) D:4         Ossuary (visited)
   Lair: D:8-11

Altars:
Ashenzari
Cheibriados
Kikubaaqudgha
Okawaru
Qazlal
Sif Muna
Uskayaw
Vehumet
Yredelemnul
Zin
The Shining One

Shops:
D:4 ?   D:8 ?


Innate Abilities, Weirdness & Mutations

You are small and have problems with some larger weapons.
You are somewhat resistant to further mutation.
Scrolls take you a little longer to read.
You are dopey. (Int -2)
Your spells are a little harder to cast, but a little more powerful.
You expend magic power (3 MP) to strengthen your wands.


Message History

The orc wizard hits you but does no damage.
You are electrocuted!
* * * LOW HITPOINT WARNING * * *
You hit the orc wizard.
The orc wizard is lightly wounded.
You hit the orc wizard.
The orc wizard is lightly wounded.
The orc wizard casts a spell at you. The magic dart hits you.
* * * LOW HITPOINT WARNING * * *
You hit the orc wizard.
The orc wizard is moderately wounded.
The orc wizard hits you with a +1 dagger of electrocution.
* * * LOW HITPOINT WARNING * * *
You barely miss the orc wizard.
The orc wizard is moderately wounded.
It was a potion of brilliance.
You feel clever all of a sudden.
The orc wizard hits you with a +1 dagger of electrocution.
You die...

..###.###.............o......
...####.....................
.......................###.
#.#.####.........##... #_#
#...# #...####### #o# ###.#
#..#.......#######.#### .#
#.##.......##.(.((..o.# ###.#
#.##......$o....##..#.# .....
..........@(##..#...#.#
###.##...........(..(([...#.#
###..............(..####)##.#
......####'#...(.#####..[##.#
#.....# ...####### #.o.)##.#
#.....#.88. #.#..##.#
#.....#.88 ##.#..##.# #.....#
#a.#..##.# #.....###
#...>....#


You could see an orc wizard.

Vanquished Creatures
  2 steam dragons
  3 ogres
  A big kobold (D:5)
  A scorpion (D:7)
  17 killer bees
  3 howler monkeys
  4 crimson imps
  A bullfrog zombie (D:3)
  3 centaur zombies (Ossuary)
  A jelly (D:5)
  2 orc wizards
  6 worker ants
  2 mummies (Ossuary)
  10 adders
  A shadow imp (D:5)
  2 oozes
  2 adder zombies
  2 adder skeletons
  2 worms
  5 dart slugs
  3 leopard geckos
  14 orcs
  4 bats
  3 giant cockroaches
  6 goblins
  10 hobgoblins
  11 jackals
  2 quokkas
  4 ball pythons
  5 frilled lizards
  A goblin zombie (Ossuary)
  8 hobgoblin zombies (Ossuary)
  A jackal skeleton (D:4)
  10 kobolds
  8 kobold zombies (Ossuary)
  A leopard gecko skeleton (D:5)
  8 orc zombies (Ossuary)
  9 rats
  A rat zombie (Ossuary)
179 creatures vanquished.

Vanquished Creatures (collateral kills)
  An ice beast (D:8)
  A sky beast (D:8)
  2 killer bees (D:8)
  2 centaur zombies (Ossuary)
  A human zombie (Ossuary)
  A jelly (D:8)
  A big kobold zombie (Ossuary)
  An adder (D:5)
  An adder zombie (Ossuary)
  A goblin zombie (Ossuary)
12 creatures vanquished.

Grand Total: 191 creatures vanquished

Notes
Turn   | Place    | Note
-------+----------+-------------------------------------------
     0 | D:1      | FishyPogo the Halfling Chaos Knight began the quest for the
                  | Orb.
     0 | D:1      | Reached XP level 1. HP: 15/15 MP: 1/1
    62 | D:1      | Reached XP level 2. HP: 13/20 MP: 2/2
    62 | D:1      | XOM: silly message
   428 | D:1      | XOM: silly message
   433 | D:1      | Reached XP level 3. HP: 17/25 MP: 3/3
   492 | D:1      | Reached skill level 3 in Armour
   653 | D:1      | XOM: noise
   767 | D:2      | XOM: cast spell 'Alistair's Intoxication'
   768 | D:2      | XOM: harmless Hex miscast
   786 | D:2      | Reached XP level 4. HP: 15/31 MP: 4/4
   824 | D:2      | Found a radiant altar of Vehumet.
   846 | D:2      | Found a faded altar of an unknown god.
   953 | D:2      | Reached skill level 1 in Stealth
  1191 | D:2      | XOM: harmless Air miscast
  1406 | D:2      | Reached XP level 5. HP: 36/36 MP: 5/5
  1508 | D:3      | XOM: enchant monster (bad)
  1511 | D:3      | Reached skill level 4 in Armour
  1513 | D:3      | XOM: harmless Ice miscast
  1630 | D:3      | XOM: smoke on damage
  1679 | D:3      | Found a glowing silver altar of Zin.
  1721 | D:3      | XOM: god gift: scroll labeled CAPPEG ONIASUR {god gift}
  1880 | D:3      | XOM: confusion
  1885 | D:3      | XOM: mild Conj miscast
  1887 | D:3      | Reached XP level 6. HP: 25/42 MP: 6/6
  1944 | D:3      | XOM: cloud trail
  1976 | D:3      | XOM: silly message
  2057 | D:3      | XOM: harmless Summ miscast
  2141 | D:4      | Found Nefoda's Magic Scroll Boutique.
  2169 | D:4      | Got an aquamarine-encrusted leather armour
  2180 | D:4      | Identified the +2 leather armour "Surigank" {SInv} (You
                  | found it on level 4 of the Dungeon)
  2245 | D:4      | Bought a scroll of magic mapping for 35 gold pieces
  2286 | D:4      | Reached skill level 1 in Short Blades
  2328 | D:4      | Found a sand-covered staircase.
  2338 | Ossuary  | Entered an ossuary
  2479 | Ossuary  | XOM: potion effect (might)
  2485 | Ossuary  | Reached skill level 5 in Armour
  2493 | Ossuary  | Reached XP level 7. HP: 21/46 MP: 7/7
  2496 | Ossuary  | XOM: summons friendly soul eater
  2505 | Ossuary  | HP: 1/46 [centaur zombie (5)]
  2763 | D:4      | HP: 1/46 [ogre/+0 giant club (14)]
  2805 | D:4      | XOM: summons 3 hostile demons
  2807 | D:4      | HP: 1/46 [shadow imp[Xom] (2)]
  3114 | D:4      | Found an iron altar of Okawaru.
  3263 | D:4      | You fall into a shaft and drop 2 floors!
  3333 | D:5      | Entered Level 5 of the Dungeon
  3412 | D:4      | Found a staircase to the Ecumenical Temple.
  3617 | D:5      | Reached skill level 6 in Armour
  3651 | D:5      | XOM: smoke on damage
  3651 | D:5      | XOM: torment (24/46 hp)
  3659 | D:5      | XOM: swap monsters
  3665 | D:5      | XOM: summons 7 friendly demons
  3766 | D:5      | XOM: 1-stop teleportation journey
  3838 | D:5      | Reached XP level 8. HP: 23/52 MP: 8/8
  4076 | D:5      | XOM: god gift: 12 gold pieces
  4218 | D:5      | Reached skill level 5 in Short Blades
  4240 | D:5      | Found a stormy altar of Qazlal.
  4308 | D:5      | XOM: give mutations
  4308 | D:5      | Gained mutation: Scrolls take you a little longer to read.
                  | [Xom's mischief]
  4308 | D:5      | Gained mutation: Your spells are a little harder to cast,
                  | but a little more powerful. [Xom's mischief]
  4308 | D:5      | Gained mutation: You expend magic power (3 MP) to
                  | strengthen your wands. [Xom's mischief]
  4308 | D:5      | Gained mutation: You are dopey. (Int -2) [Xom's mischief]
  4474 | D:6      | XOM: 3-stop teleportation journey
  4663 | D:6      | Found an ancient bone altar of Kikubaaqudgha.
  4678 | D:6      | Reached skill level 7 in Armour
  4849 | D:7      | Reached skill level 1 in Spellcasting
  4999 | D:7      | Learned a level 3 spell: Regeneration
  5005 | D:7      | Found a snail-covered altar of Cheibriados.
  5011 | D:7      | Found a shimmering blue altar of Sif Muna.
  5011 | D:7      | Found a hide-covered altar of Uskayaw.
  5043 | D:7      | Learned a level 1 spell: Pain
  5133 | D:7      | Found a basalt altar of Yredelemnul.
  5247 | D:7      | XOM is BORED!
  5247 | D:7      | XOM: mild Hex miscast
  5397 | D:7      | Reached skill level 1 in Charms
  5493 | D:7      | XOM: polymorph ooze -> steam dragon
  5513 | D:7      | Reached XP level 9. HP: 56/56 MP: 11/11
  5607 | D:7      | Reached skill level 5 in Stealth
  5629 | D:7      | Reached skill level 1 in Necromancy
  5727 | D:8      | Got a crude robe
  5752 | D:8      | Identified the +1 robe of Instinct {rC- Regen+ Dex+2} (You
                  | found it on level 8 of the Dungeon)
  5769 | D:8      | Found a shattered altar of Ashenzari.
  5935 | D:8      | XOM: cast spell 'Death Channel'
  5952 | D:8      | Found a glowing golden altar of the Shining One.
  5971 | D:8      | Reached skill level 8 in Armour
  6043 | D:8      | XOM: confuse monster(s)
  6065 | D:8      | Found Waerrana's Magic Scroll Shop.
  6187 | D:8      | XOM: silly message
  6412 | D:8      | HP: 2/56 [orc wizard/+1 dagger of electrocution (1)]
  6414 | D:8      | Slain by an orc wizard

Levels and vault maps discovered:
D:1:      dpeg_arrival_stone_temple_mockup, layout_rooms
D:2:      layout_basic, lemuel_crystal_altar,
          chequers_ecumenical_altar_simple_redux
D:3:      layout_basic, nicolae_overflow_crystal_walls
D:4:      layout_rooms, marbit_many_paths, temple_green, first_ration,
          chequers_ossuary_entry_cave, serial_shops,
          nicolae_shop_temple_entry_statues_fountains
D:5:      cheibrodos_fzero, layout_basic, grunt_qazlal_sundering
D:6:      layout_basic, kennysheep_mini_moat, kennysheep_another_room
D:7:      layout_loops_ring, kennysheep_mini, minitemple, minmay_misc_feat_roman
D:8:      minmay_chambers_of_fours, layout_rooms, tso_altar,
          ashenzari_conservatory_becter, lemuel_crystal_altar, serial_shops,
          shop, david_nohive_1

Skill      XL: |  1  2  3  4  5  6  7  8  9 |
---------------+----------------------------+-----
Armour         | 3 4 5 6 7 8 |  8.0
Fighting       | 3 |  3.0
Dodging        | 2 |  2.0
Stealth        | 1 2 3 4 5 |  5.0
Short Blades   | 2 4 6 7 |  7.0
Spellcasting   | 1 3 |  3.1
Charms         | 1 4 |  4.1
Necromancy     | 2 |  2.0
Axes           | |  3.9

Action                   |  1- 3 |  4- 6 |  7- 9 || total
-------------------------+-------+-------+-------++-------
Melee: Hand axe          |    86 |   134 |       ||   220
       Dagger            |       |   110 |   399 ||   509
Throw: Stone             |       |     5 |    11 ||    16
       Dart              |       |       |    76 ||    76
       Boomerang         |       |       |     6 ||     6
 Cast: Pain              |       |       |     2 ||     2
       Regeneration      |       |       |     3 ||     3
  Use: Potion            |     2 |     1 |     3 ||     6
       Scroll            |       |     8 |     3 ||    11
 Stab: Sleeping          |       |     6 |     4 ||    10
  Eat: Chunk             |       |     5 |     7 ||    12
       Ration            |       |       |     2 ||     2
Armor: Leather armour    |    26 |    53 |    52 ||   131
       Robe              |       |       |    30 ||    30
Dodge: Dodged            |    72 |   170 |   255 ||   497
